cohdb
Replays
Latest Replays
All Replays
Popular Replays
Top Player Replays
Match Explorer
How It Works
Community
CoH3 Stats
Reddit
Sign in to upload your games and track your stats! →
Sign in with Steam
Match 40844327
Unlisted
Match 40844327
Overview
Messages
Build Orders
End
Construct Infanterie Kompanie
Selects Terror Battlegroup
Grenadier Squad
Grenadier Squad
Grenadier Squad
Infanterie Officer Quarters
Grenadier Squad
Grenadier Squad
Selects Contempt for the Weak
Grenadier Squad
Grenadier Squad
Grenadier Squad
Grenadier Squad
Selects Propaganda Leaflet Drop
Construct Panzergrenadier Kompanie
Selects Heavy Gunnery
Propaganda Leaflet Drop
Construct Panzer Kompanie
Sturmpanzer IV Brummbär
Selects Defend the Fatherland
Propaganda Leaflet Drop
Side Skirts
Panzer Officer Quarters
Panzer IV Medium Tank
Construct Luftwaffe Kompanie
Selects King Tiger Heavy Tank
King Tiger Heavy Tank
MG 42 Bunker
gao
Narangd
Project Reality King
memes
0
0
Comments
sign in to comment!
No comments posted yet!